 Dungeon Crawl Stone Soup version 0.21.1-1-g345015f (webtiles) character file.

16170 inc the Covert (level 12, -2/57 HPs)
             Began as a Felid Chaos Knight on Feb 23, 2018.
             Slain by a death yak (27 damage)
             ... led by a torpor snail
             ... on level 2 of the Lair of Beasts.
             The game lasted 00:35:21 (13609 turns).

inc the Covert (Felid Chaos Knight)                Turns: 13609, Time: 00:35:23

Health: -2/57      AC:  8    Str:  8    XL:     12   Next: 7%
Magic:  13/13      EV: 30    Int: 18    God:    Xom [..*...]
Gold:   782        SH:  0    Dex: 20    Spells: 10/11 levels left
                                        Lives:  0   Deaths: 3

rFire    . . .     SeeInvis +     - Unarmed
rCold    + . .     Gourm    .   (shield unavailable)
rNeg     . . .     Faith    .   (armour unavailable)
rPois    +         Spirit   .   (helmet unavailable)
rElec    .         Reflect  .   (cloak unavailable)
rCorr    .         Harm     .   (gloves unavailable)
MR       +....     Clarity  +   (boots unavailable)
Stlth    ++++++....             w - amulet of regeneration
HPRegen  0.59/turn              i - +5 ring of protection
MPRegen  0.13/turn              I - +4 ring of dexterity

@: quick
A: very small, no armour, no weapons or thrown items, stealth, antennae 1, claws
1, fangs 3, see invisible, blink, carnivore, clarity, speed 1, sense
surroundings 1, poison resistance, shaggy fur 3, slow metabolism 1, MP-powered
wands, sharp paws
a: Blink, Renounce Religion


You were on level 2 of the Lair of Beasts.
You worshipped Xom.
You were a toy of Xom.
You were very full.

You visited 2 branches of the dungeon, and saw 14 of its levels.
You also visited: Ossuary.

You collected 782 gold pieces.

Inventory:

Jewellery
 d - an uncursed amulet of rage
 i - a +5 ring of protection (left paw)
 v - an uncursed amulet of harm
 w - an amulet of regeneration (around neck)
 G - an uncursed ring of positive energy
 H - an uncursed amulet of magic regeneration
 I - a +4 ring of dexterity (right paw)
 J - an uncursed ring of protection from magic
 M - a +5 ring of protection
 N - an uncursed ring of wizardry
Wands
 o - a wand of paralysis (35)
 p - a wand of enslavement (16)
 z - a wand of iceblast (19)
Scrolls
 b - 7 scrolls of teleportation
 e - 5 scrolls of enchant weapon
 f - 8 scrolls of enchant armour {unknown}
 h - 3 scrolls of remove curse
 j - a scroll of noise {unknown}
 l - 16 scrolls of identify
 n - a scroll of immolation {unknown}
 q - 2 scrolls of amnesia
 r - 3 scrolls of fear {unknown}
 t - 2 scrolls of random uselessness {unknown}
 u - 3 scrolls of blinking {unknown}
 y - a scroll of fog {unknown}
 C - a scroll of brand weapon {unknown}
 E - a scroll of silence {unknown}
 F - 2 scrolls of magic mapping {unknown}
Potions
 c - 6 potions of degeneration
 g - 2 potions of brilliance
 k - 2 potions of resistance
 m - 2 potions of berserk rage
 s - a potion of might
 x - 2 potions of agility
 A - 6 potions of curing
 B - a potion of mutation
 L - 3 potions of haste {unknown}
 O - a potion of flight {unknown}
Books
 K - a book of Misfortune

   Spells                             Type                      Level
   a - Confusing Touch                Hexes                        1
   b - Confuse                        Hexes                        3
   c - Gell's Gravitas                Translocation                3
   d - Petrify                        Transmutation/Earth          4
   e - Metabolic Englaciation         Hexes/Ice                    5
   f - Yara's Violent Unravelling     Hexes/Transmutation          5
Miscellaneous
 D - a lamp of fire
Comestibles
 a - 21 rations


   Skills:
 + Level 9.3 Fighting
 - Level 12.3 Dodging
 - Level 14.4 Stealth
 - Level 12.6 Unarmed Combat
 - Level 3.1 Hexes


You had 10 spell levels left.
You knew the following spells:

 Your Spells              Type           Power        Failure   Level  Hunger
a - Confusing Touch       Hex            ##....       6%          1    ##.....


Dungeon Overview and Level Annotations

Branches:
Dungeon (12/15)            Temple (0/1) D:4            Lair (2/6) D:8
  Swamp: Lair:2-4    Shoals: Lair:2-4     Snake: Lair:2-4    Spider: Lair:2-4
    Orc: D:9-12

Altars:
Dithmenos
Elyvilon
Okawaru
Ru
Sif Muna
Trog
Xom
Zin
The Shining One

Annotations:
D:5 Menkaure, Sigmund
D:6 Grinder
D:9 2 runed doors
D:11 inc's ghost, novice FeCK; letownia2's ghost, novice GrWz


Innate Abilities, Weirdness & Mutations

You cannot wear armour.
You are incapable of wielding weapons or throwing items.
Your paws allow you to move quietly. (Stealth)
You have sharp claws.
You have razor-sharp teeth.
You have supernaturally acute eyesight. (SInv)
You are carnivorous and can eat meat at any time.
You cover ground quickly.
Your thick and shaggy fur keeps you warm. (AC +3, rC+)
You have a slow metabolism.
Your sharp claws are effective at attacking unaware monsters.
You have a pair of small antennae on your head.
You can translocate small distances at will.
You possess an exceptional clarity of mind.
You passively map a small area around you.
Your system is resistant to poisons. (rPois)
You expend magic power (3 MP) to strengthen your wands.


Message History

The death yak is lightly wounded.
The death yak completely misses you.
You scratch the death yak.
The death yak is lightly wounded.
The death yak gores you.
You claw the death yak!
The death yak is moderately wounded.
The death yak completely misses you.
You scratch the death yak.
The death yak is moderately wounded.
The death yak barely misses you.
You scratch the death yak but do no damage.
The death yak is lightly wounded.
The death yak gores you!! The death yak closely misses you.
Your magical contamination has completely faded away.
You claw the death yak!
The death yak is moderately wounded.
The death yak gores you!!
You die...
Xom chuckles heartily!

.................................
.................................
.................................
##.#................##....PPP....
##.........##..#....## .P..###...
P.##.....P..........P# .....#...
..##.....#......#...P#,..........
..##.....P.....YPY..## ......#...
.##.†...........@...##......##...
####............#....#..... #...
###.............#....##..#####...
P#.........P.P###...P##.###.#...(
.................................
......................<..........
.................................
.....................>...........
......................##.####....


You could see 2 death yaks.

Vanquished Creatures
  Fannar (D:10)
  Erica (D:8)
  6 two-headed ogres
  The ghost of HEYYEYAAE the Frost Mage, a novice DrIE of Sif Muna (D:10)
  A black mamba (Lair:2)
  A torpor snail (Lair:2)
  Joseph (D:10)
  The ghost of Crelarid the Charmwright, a novice GnSk of Gozag (D:4)
  2 spiny frogs
  3 komodo dragons
  A wind drake (D:8)
  4 hippogriffs
  7 blink frogs (Lair:1)
  A wyvern (Lair:2)
  A basilisk (D:9)
  21 yaks
  2 hungry ghosts
  2 hell hounds (D:8)
  4 water moccasins
  4 porcupines
  5 ice beasts
  2 orc warriors
  3 sky beasts
  4 ogres
  2 phantoms
  7 crocodiles
  6 centaurs
  A big kobold (D:10)
  A wyvern zombie (Ossuary)
  6 bullfrogs
  2 water moccasin zombies
  6 scorpions
  4 jellies
  4 killer bees (D:10)
  4 howler monkeys
  A centaur zombie (D:4)
  3 crimson imps
  4 bullfrog zombies (Ossuary)
  A centaur skeleton (D:9)
  4 hounds
  13 mummies (Ossuary)
  Crazy Yiuf (D:5)
  A bullfrog skeleton (D:6)
  6 orc priests
  6 orc wizards
  Terence (D:3)
  4 iguanas
  6 worker ants
  2 killer bee zombies (Ossuary)
  5 hound zombies
  2 howler monkey zombies (Ossuary)
  3 gnolls (D:2)
  9 adders
  An ooze (D:3)
  6 adder zombies
  4 adder skeletons
  4 worms
  5 dart slugs
  A leopard gecko (D:1)
  35 orcs
  2 ball pythons
  7 bats
  5 giant cockroaches
  4 goblins
  4 hobgoblins
  11 jackals
  A quokka (D:9)
  6 frilled lizards
  A jackal skeleton (D:5)
  13 kobolds
  A leopard gecko skeleton (D:5)
  A quokka skeleton (D:7)
  4 rats
310 creatures vanquished.

Vanquished Creatures (others)
  A dancing weapon (D:10)
  A yak (D:9)
2 creatures vanquished.

Grand Total: 312 creatures vanquished

Notes
Turn   | Place    | Note
-------+----------+-------------------------------------------
     0 | D:1      | inc the Felid Chaos Knight began the quest for the Orb.
     0 | D:1      | Reached XP level 1. HP: 10/10 MP: 2/2
   157 | D:1      | XOM: butterfly on damage
   198 | D:1      | Reached XP level 2. HP: 13/14 MP: 3/3
   801 | D:2      | XOM: smoke on damage
   938 | D:2      | Found a glowing golden altar of the Shining One.
   951 | D:2      | Reached XP level 3. HP: 17/17 MP: 4/4
  1074 | D:2      | XOM: silly message
  1075 | D:2      | XOM: butterfly on damage
  1133 | D:3      | XOM: confuse monster(s)
  1228 | D:2      | XOM: polymorph quokka -> jackal
  1539 | D:2      | XOM: harmless Tloc miscast
  1583 | D:2      | Reached XP level 4. HP: 18/21 MP: 5/5
  1693 | D:2      | Reached skill level 5 in Unarmed Combat
  1745 | D:2      | XOM is BORED!
  1745 | D:2      | XOM: medium Conj miscast
  1772 | D:2      | XOM: cast spell 'Summon Butterflies'
  1995 | D:1      | XOM: medium Hex miscast
  2111 | D:2      | XOM: divination: magic mapping
  2111 | D:2      | XOM: smoke on damage
  2159 | D:2      | XOM: mild Necr miscast
  2255 | D:2      | XOM: divination: detect items
  2377 | D:3      | XOM: potion effect (berserk rage)
  2384 | D:3      | Reached skill level 5 in Dodging
  2384 | D:3      | Reached XP level 5. HP: 18/23 MP: 6/6
  2705 | D:3      | XOM: harmless Summ miscast
  3073 | D:3      | Noticed Terence
  3082 | D:3      | Killed Terence
  3330 | D:4      | Noticed Crelarid's ghost (novice GnSk)
  3332 | D:4      | XOM: cast spell 'Summon Small Mammal'
  3354 | D:5      | Entered Level 5 of the Dungeon
  3369 | D:5      | Noticed a centaur
  3378 | D:5      | Killed a centaur
  3378 | D:5      | Gained mutation: You are covered in thick fur. (AC +2) [Felid growth]
  3378 | D:5      | Reached XP level 6. HP: 22/27 MP: 7/7
  3435 | D:5      | XOM: polymorph scorpion -> jelly
  3445 | D:5      | Splashed by a jelly's acid
  3446 | D:5      | Reached XP level 5. HP: -1/23 MP: 6/6
  3559 | D:5      | XOM: cleaving
  3573 | D:5      | Reached skill level 1 in Stealth
  3595 | D:5      | Noticed a sky beast
  3601 | D:5      | XOM: divination: detect items
  3605 | D:5      | Noticed an ogre
  3608 | D:5      | XOM: scenery: create altars
  3616 | D:5      | XOM: 1-stop teleportation journey
  3618 | D:5      | Noticed Sigmund
  3620 | D:5      | XOM: scenery: create altars
  3621 | D:5      | XOM: enchant monster (good)
  3646 | D:6      | Noticed a sky beast
  3663 | D:6      | Killed a sky beast
  3663 | D:6      | Reached skill level 3 in Stealth
  3663 | D:6      | Reached XP level 6. HP: 8/28 MP: 7/7
  3745 | D:6      | XOM: noise
  3886 | D:6      | Found a shadowy altar of Dithmenos.
  3969 | D:6      | Reached skill level 4 in Stealth
  4093 | D:6      | XOM: give mutations
  4093 | D:6      | Gained mutation: You are clumsy. (Dex -2) [Xom's mischief]
  4095 | D:6      | XOM: polymorph worker ant -> iguana
  4105 | D:6      | XOM: scenery: 2 doors close
  4479 | D:6      | XOM: divination: magic mapping
  4495 | D:6      | Noticed Grinder
  4637 | D:6      | Reached skill level 5 in Stealth
  4755 | D:6      | XOM: divination: magic mapping
  4850 | D:7      | XOM: summons 3 friendly demons
  4860 | D:7      | Reached skill level 6 in Stealth
  4915 | D:7      | Reached XP level 7. HP: 28/31 MP: 8/8
  5015 | D:7      | Found a sand-covered staircase.
  5072 | Ossuary  | Entered an ossuary
  5140 | Ossuary  | XOM: scenery: 1 doors open, 2 doors close
  5388 | Ossuary  | XOM: enchant monster (bad)
  5410 | Ossuary  | Reached XP level 8. HP: 18/34 MP: 9/9
  5450 | Ossuary  | XOM: give mutations
  5450 | Ossuary  | Gained mutation: You occasionally shout uncontrollably at your foes. [Xom's mischief]
  5450 | Ossuary  | Lost mutation: You are clumsy. (Dex -2) [Xom's mischief]
  5450 | Ossuary  | Gained mutation: You can translocate small distances at will. [Xom's mischief]
  5599 | Ossuary  | XOM: give mutations
  5599 | Ossuary  | Gained mutation: You are clumsy. (Dex -2) [Xom's mischief]
  5599 | Ossuary  | Gained mutation: You are frail. (-10% HP) [Xom's mischief]
  5599 | Ossuary  | Gained mutation: You are very clumsy. (Dex -4) [Xom's mischief]
  5599 | Ossuary  | Gained mutation: You are very frail. (-20% HP) [Xom's mischief]
  5777 | Ossuary  | XOM: summons 2 hostile demons
  5778 | Ossuary  | Noticed a hellwing
  5782 | Ossuary  | Slain by a hellwing
  5783 | Ossuary  | Reached XP level 7. HP: -3/24 MP: 8/8
  5854 | Ossuary  | XOM: mild Necr miscast
  5944 | Ossuary  | XOM: summons 3 hostile demons
  6203 | D:7      | XOM: harmless Necr miscast
  6313 | D:6      | XOM: scenery: create altars
  6343 | D:6      | XOM: give mutations
  6343 | D:6      | Lost mutation: You are very frail. (-20% HP) [Xom's grace]
  6343 | D:6      | Gained mutation: Your flesh is cold resistant. (rC+) [Xom's grace]
  6343 | D:6      | Gained mutation: You possess an exceptional clarity of mind. [Xom's grace]
  6343 | D:6      | Lost mutation: You are frail. (-10% HP) [Xom's grace]
  6483 | D:6      | XOM: god gift: scroll labeled XAVE VEIFI {god gift}
  6503 | D:6      | XOM: swap monsters
  6549 | D:5      | XOM: silly message
  6571 | D:4      | XOM: give mutations
  6571 | D:4      | Lost mutation: You occasionally shout uncontrollably at your foes. [Xom's mischief]
  6571 | D:4      | Gained mutation: Your body sometimes deteriorates upon taking damage. [Xom's mischief]
  6671 | D:4      | XOM: god gift: potion of degeneration
  6677 | D:4      | Found a staircase to the Ecumenical Temple.
  6685 | D:4      | Reached skill level 5 in Fighting
  6884 | D:4      | Found a white marble altar of Elyvilon.
  7056 | D:4      | XOM: summons friendly shadow imp
  7129 | D:4      | XOM: summons friendly shadow imp
  7144 | D:4      | Killed Crelarid's ghost
  7144 | D:4      | Reached XP level 8. HP: 15/39 MP: 9/9
  7578 | D:5      | XOM: give mutation
  7578 | D:5      | Gained mutation: You are dopey. (Int -2) [Xom's mischief]
  7594 | D:5      | XOM: give mutations
  7594 | D:5      | Gained mutation: Your spells are a little harder to cast, but a little more powerful. [Xom's grace]
  7594 | D:5      | Gained mutation: You have a pair of small antennae on your head. [Xom's grace]
  7594 | D:5      | Gained mutation: Your system is resistant to poisons. (rPois) [Xom's grace]
  7732 | D:5      | XOM: butterfly on damage
  7783 | D:5      | Found a bloodstained altar of Trog.
  7786 | D:5      | Found an iron altar of Okawaru.
  7788 | D:5      | Found a deep blue altar of Sif Muna.
  7910 | D:5      | Found a runed door.
  7914 | D:5      | Noticed Crazy Yiuf
  7918 | D:5      | Killed Crazy Yiuf
  8014 | D:5      | Noticed Menkaure
  8058 | D:6      | XOM: butterfly on damage
  8064 | D:6      | XOM: divination: detect creatures
  8178 | D:6      | Paralysed by Grinder for 4 turns
  8179 | D:6      | XOM: divination: detect creatures
  8211 | D:6      | XOM: harmless Fire miscast
  8238 | D:6      | XOM: potion effect (berserk rage)
  8239 | D:6      | XOM: harmless Conj miscast
  8251 | D:6      | XOM: noise
  8308 | D:7      | Reached XP level 9. HP: 42/42 MP: 10/10
  8349 | D:7      | XOM: polymorph orc -> giant cockroach
  8361 | D:7      | XOM: silly message
  8422 | D:7      | XOM: god gift: 3 bolts
  8438 | D:7      | Reached skill level 10 in Unarmed Combat
  8485 | D:7      | Found a sacrificial altar of Ru.
  8637 | D:7      | XOM: give mutations
  8637 | D:7      | Gained mutation: You passively map a small area around you. [Xom's grace]
  8637 | D:7      | Gained mutation: Your muscles are strong. (Str +2) [Xom's grace]
  8822 | D:8      | Noticed Erica
  8828 | D:8      | Killed Erica
  8858 | D:8      | Found a glowing silver altar of Zin.
  9097 | D:8      | XOM: potion effect (might)
  9240 | D:8      | XOM: give mutations
  9240 | D:8      | Lost mutation: Your muscles are strong. (Str +2) [Xom's mischief]
  9240 | D:8      | Lost mutation: You are dopey. (Int -2) [Xom's mischief]
  9240 | D:8      | Lost mutation: Your spells are a little harder to cast, but a little more powerful. [Xom's mischief]
  9240 | D:8      | Lost mutation: You are very clumsy. (Dex -4) [Xom's mischief]
  9317 | D:8      | Lost mutation: Your body sometimes deteriorates upon taking damage. [potion of mutation]
  9317 | D:8      | Lost mutation: Your flesh is cold resistant. (rC+) [potion of mutation]
  9317 | D:8      | Lost mutation: You are clumsy. (Dex -2) [potion of mutation]
  9317 | D:8      | Gained mutation: You expend magic power (3 MP) to strengthen your wands. [potion of mutation]
  9322 | D:8      | Reached XP level 10. HP: 46/46 MP: 11/11
  9429 | D:8      | Found a staircase to the Lair.
  9617 | D:8      | Noticed a two-headed ogre
  9623 | D:8      | XOM: butterfly on damage
  9640 | D:9      | Noticed a two-headed ogre
  9644 | D:8      | XOM: scenery: create altars
  9648 | D:8      | XOM: noise
  9652 | D:8      | XOM: confuse monster(s)
  9662 | D:8      | Killed a two-headed ogre
  9758 | D:9      | Reached skill level 7 in Stealth
  9763 | D:9      | Noticed a two-headed ogre
  9774 | D:9      | Killed a two-headed ogre
  9774 | D:9      | Reached skill level 9 in Stealth
  9777 | D:9      | Noticed a two-headed ogre
  9793 | D:9      | XOM: chaos upgrade
  9947 | D:9      | Noticed an ice dragon
  9952 | D:9      | XOM: butterfly on damage
  9955 | D:9      | Killed a two-headed ogre
  9955 | D:9      | Reached skill level 11 in Stealth
  9956 | D:9      | Noticed a fire dragon
  9959 | D:9      | Noticed a fire dragon
 10020 | D:9      | Found a runed door.
 10021 | D:9      | Found the +2 shield of Resistance {rF+ rC+ MR+}
 10021 | D:9      | Found a runed door.
 10021 | D:9      | Noticed an ice dragon
 10120 | D:9      | XOM: summons 5 hostile demons
 10123 | D:9      | XOM: enchant monster (good)
 10131 | D:9      | XOM: chaos cloud
 10134 | D:9      | XOM: destruction
 10267 | D:9      | Slain by a two-headed ogre
 10268 | D:9      | Reached XP level 9. HP: -4/42 MP: 10/10
 10388 | D:9      | XOM: polymorph wyvern -> basilisk
 10389 | D:9      | XOM: summons friendly crimson imp
 10591 | D:9      | XOM: harmless Conj miscast
 10706 | D:9      | Reached XP level 10. HP: 43/46 MP: 11/11
 10898 | D:10     | Entered Level 10 of the Dungeon
 10898 | D:10     | Noticed Fannar
 10901 | D:10     | Noticed HEYYEYAAE's ghost (novice DrIE)
 10904 | D:10     | Killed Fannar
 10906 | D:10     | XOM: enchant monster (good)
 10930 | D:10     | XOM: butterfly on damage
 10935 | D:10     | Killed HEYYEYAAE's ghost
 11196 | D:10     | Noticed Joseph
 11199 | D:10     | Killed Joseph
 11199 | D:10     | Reached skill level 10 in Dodging
 11385 | D:10     | XOM: scenery: 1 doors open, 1 doors close
 11627 | D:11     | Noticed letownia2's ghost (novice GrWz)
 11628 | D:11     | Noticed a two-headed ogre
 11871 | D:11     | Noticed a cyclops
 11871 | D:11     | Noticed a white ugly thing
 11871 | D:11     | XOM: 2-stop teleportation journey
 11900 | D:11     | Noticed a two-headed ogre
 11904 | D:11     | Killed a two-headed ogre
 11950 | D:11     | XOM: 10-stop teleportation journey
 11955 | D:11     | Reached XP level 11. HP: 49/49 MP: 12/12
 11992 | D:12     | Noticed a two-headed ogre
 12001 | D:12     | XOM: polymorph soldier ant -> water moccasin
 12011 | D:11     | Noticed inc's ghost (novice FeCK)
 12093 | D:10     | XOM: destruction
 12099 | D:10     | Killed a two-headed ogre
 12099 | D:10     | Reached skill level 12 in Stealth
 12160 | D:9      | XOM: swap monsters
 12162 | D:9      | Killed a two-headed ogre
 12202 | Lair:1   | Entered Level 1 of the Lair of Beasts
 12205 | Lair:1   | Reached skill level 13 in Stealth
 12327 | Lair:1   | XOM: divination: detect creatures
 12356 | Lair:1   | XOM: torment (26/49 hp)
 12359 | Lair:1   | XOM: butterfly on damage
 12360 | Lair:1   | XOM: fog
 12474 | D:8      | XOM: blink monster(s)
 12504 | D:8      | XOM: polymorph yak -> wind drake
 12505 | D:8      | Reached skill level 14 in Stealth
 12510 | D:8      | XOM: noise
 12611 | Lair:1   | XOM: swap monsters
 12667 | Lair:1   | XOM: silly message
 12685 | Lair:1   | XOM: harmless Fire miscast
 12687 | Lair:1   | XOM: 1-stop teleportation journey
 12946 | Lair:1   | XOM: butterfly on damage
 12947 | Lair:1   | XOM: destruction
 12984 | Lair:1   | XOM: blink monster(s)
 13099 | Lair:1   | XOM: harmless Erth miscast
 13103 | Lair:1   | Learned a level 1 spell: Confusing Touch
 13167 | Lair:2   | Noticed a death yak
 13169 | Lair:2   | Noticed a death yak
 13195 | Lair:2   | Reached skill level 1 in Hexes
 13452 | Lair:2   | Gained mutation: Your thick and shaggy fur keeps you warm. (AC +3, rC+) [Felid growth]
 13452 | Lair:2   | Reached XP level 12. HP: 56/56 MP: 13/13
 13471 | Lair:2   | XOM: noise
 13479 | Lair:2   | XOM: chaos cloud
 13590 | Lair:2   | XOM: blink monster(s)
 13609 | Lair:2   | Slain by a death yak

Skill      XL: |  1  2  3  4  5  6  7  8  9 10 11 12 |
---------------+-------------------------------------+-----
Unarmed Combat | 4 5 7 9 12 | 12.6
Dodging        | 5 7 11 12 | 12.3
Stealth        | 3 6 11 14 | 14.4
Fighting       | 6 8 9 |  9.3
Hexes          | 3 |  3.1

Action                   |  1- 3 |  4- 6 |  7- 9 | 10-12 || total
-------------------------+-------+-------+-------+-------++-------
Melee: Unarmed           |    94 |   238 |   578 |   484 ||  1394
       Bite              |     8 |    25 |    34 |    54 ||   121
       Punch             |     1 |     3 |    14 |    27 ||    45
 Abil: Evoke Berserk Rag |     1 |       |       |       ||     1
  Use: Scroll            |     3 |     4 |     7 |       ||    14
       Potion            |     1 |       |     9 |     2 ||    12
 Stab: Sleeping          |     2 |     2 |    12 |    34 ||    50
       Distracted        |       |     3 |     6 |     3 ||    12
       Confused          |       |       |     1 |     2 ||     3
  Eat: Chunk             |     2 |     3 |    10 |    17 ||    32
       Ration            |       |       |     1 |       ||     1
Armor: Skin              |     9 |    32 |    65 |    23 ||   129
Dodge: Dodged            |    76 |   166 |   447 |   432 ||  1121
